 Dungeon Crawl Stone Soup version 0.29-a0-817-g9904bce7a6 (webtiles) character file.

Game seed: 4072198399030176364

189 raph the Grave Robber (level 6, -4/34 (36) HPs)
             Began as a Human Necromancer on July 5, 2022.
             Was a Believer of Hepliaklqana.
             Slain by a wight
             ... wielding a +0 long sword
              (11 damage)
             ... on level 3 of the Dungeon.
             The game lasted 00:06:21 (4087 turns).

raph the Grave Robber (Human Necromancer)           Turns: 4087, Time: 00:06:21

HP:   -4/34 (36)    AC:  3    Str:  8    XL:     6   Next: 0%
MP:   3/10          EV: 12    Int: 17    God:    Hepliaklqana [**....]
Gold: 252           SH:  4    Dex: 14    Spells: 5/10 levels left

rFire   . . .      SeeInvis .   e - +1 dagger (venom)
rCold   . . .      Faith    .   j - +0 buckler
rNeg    . . .      Spirit   .   a - +0 robe
rPois   .          Reflect  .   (no helmet)
rElec   .          Harm     .   m - +0 cloak
rCorr   .          Rampage  .   (no gloves)
Will    .....                   (no boots)
Stlth   ++........              (no amulet)
HPRegen 0.11/turn               (no ring)
MPRegen 0.12/turn               (no ring)

@: drained
A: reduced essence
a: Renounce Religion, Ancestor Life: Knight, Ancestor Life: Battlemage, Ancestor
Life: Hexer, Recall Ancestor, Ancestor Identity


You were on level 3 of the Dungeon.
You worshipped Hepliaklqana.
Hepliaklqana was pleased with you.
You visited 1 branch of the dungeon, and saw 5 of its levels.

You collected 252 gold pieces.

Inventory:

Hand Weapons
 e - a +1 dagger of venom (weapon)
Armour
 a - a +0 robe (worn)
 j - a +0 buckler (worn)
 m - a +0 cloak (worn)
Scrolls
 c - a scroll of brand weapon
 f - a scroll of identify
 h - a scroll of blinking
Potions
 b - a potion of magic
 d - 2 potions of curing
 g - a potion of heal wounds
 i - a potion of flight
 k - a potion of might {unknown}
 l - a potion of brilliance


   Skills:
 - Level 2.3 Dodging
 - Level 2.3 Stealth
 + Level 1.5 Shields
 + Level 2.7 Spellcasting
 + Level 1.4 Conjurations
 * Level 5.1 Necromancy
 + Level 1.5 Fire Magic


You had 5 spell levels left.
You knew the following spells:

 Your Spells              Type           Power      Damage    Failure   Level
a - Necrotise             Necr           76%        1d7       2%          1
b - Vampiric Draining     Necr           19%        2d7       9%          3
c - Foxfire               Conj/Fire      28%        2x1d5     13%         1

Your spell library contained the following spells:

 Spells                   Type           Power      Damage    Failure   Level
 Magic Dart               Conj           28%        1d4       13%         1
 Animate Dead             Necr           19%        N/A       28%         4
 Call Imp                 Summ           2%         N/A       34%         2
 Conjure Flame            Conj/Fire      7%         6-21      36%         3
 Inner Flame              Hex/Fire       4%         N/A       45%         3
 Mephitic Cloud           Conj/Pois/Air  3%         N/A       52%         3
 Agony                    Necr           19%        N/A       61%         5
 Flame Wave               Conj/Fire      7%         2d5       77%         4


Dungeon Overview and Level Annotations

Branches:
Dungeon (5/15)             Temple (0/1) D:4

Altars:
Hepliaklqana

Annotations:
D:3 2 transporters, Zebulonius's ghost, amateur DEEE
D:5 1 runed translucent door


Message History

The wight is lightly damaged.
The foxfire hits the wight.
The wight is moderately damaged.
Casting: Foxfire (safe; 13% risk of failure)
Confirm with . or Enter, or press ? or * to list all spells.
You conjure some foxfire!
The foxfire hits the wight but does no damage.
The wight is moderately damaged.
The foxfire hits the wight.
The wight is moderately damaged.
Casting: Foxfire (safe; 13% risk of failure)
Confirm with . or Enter, or press ? or * to list all spells.
You conjure some foxfire!
The foxfire hits the wight.
The wight is heavily damaged.
The foxfire hits the wight but does no damage.
The wight is heavily damaged.
Casting: Foxfire (safe; 13% risk of failure)
Confirm with . or Enter, or press ? or * to list all spells.
You conjure some foxfire!
The wight hits you with a +0 long sword!
The wight attacks as you move away! The wight barely misses you.
The foxfire hits the wight.
The wight is heavily damaged.
The foxfire hits the wight but does no damage.
The wight is heavily damaged.
The wight attacks as you move away! You block the wight's attack.
The wight attacks as you move away!
The wight hits you with a +0 long sword!
You feel drained. The wight attacks as you move away!
The wight barely misses you. The wight attacks as you move away!
The wight closely misses you.
There is an escape hatch in the ceiling here.
The wight hits you with a +0 long sword!
* * * LOW HITPOINT WARNING * * *
A mysterious force pulls you upwards. The hatch slams shut behind you.
Level annotation: 2 transporters, Zebulonius's ghost, amateur DEEE The wight attacks as you move away!
The wight hits you with a +0 long sword!
You die...

..# ####..#.......##########....#
#.#### ##...........########....#
.....#####..................##...
#.............<...........<....##
.####.#####.....#...........#####
..# #...........##..............#
#.########.......#..........###.#
#...# #.......###...###### #..
.##.## #......@z...#.## ####
.....## ##.....######..######...
......### ##...## #..##.....##
........####.#########..##.#####
...........................#
................©.........##
.....>....#############....###
..........#....$$.....#..#...##
..........#...........#..###..###


You could see a wight.

Vanquished Creatures
  2 wights (D:4)
  3 adders
  A worm (D:3)
  3 dart slugs
  An orc (D:5)
  4 ball pythons (D:1)
  A bat (D:2)
  7 endoplasms
  A giant cockroach (D:3)
  4 hobgoblins
  5 kobolds
  A quokka (D:1)
  A frilled lizard (D:2)
  3 goblins (D:1)
  7 rats
  A butterfly (D:4)
45 creatures vanquished.

Vanquished Creatures (collateral kills)
  An orc (D:4)
  A goblin (D:2)
2 creatures vanquished.

Vanquished Creatures (others)
  4 ancestors
  107 foxfires
111 creatures vanquished.

Grand Total: 158 creatures vanquished

Notes
Turn   | Place    | Note
-------+----------+-------------------------------------------
     0 | D:1      | raph the Human Necromancer began the quest for the Orb.
     0 | D:1      | Reached XP level 1. HP: 13/13 MP: 3/3
   238 | D:1      | Reached XP level 2. HP: 19/19 MP: 1/5
   365 | D:1      | Found a faded altar of an unknown god.
   883 | D:1      | Reached XP level 3. HP: 24/24 MP: 0/6
   949 | D:1      | Learned a level 3 spell: Vampiric Draining
   973 | D:1      | Learned a level 1 spell: Foxfire
  1207 | D:2      | Found a hazy altar of Hepliaklqana.
  1232 | D:2      | Became a worshipper of Hepliaklqana the Forgotten
  1964 | D:2      | Reached XP level 4. HP: 22/30 MP: 1/7
  2574 | D:3      | Found a transporter.
  2574 | D:3      | Noticed Zebulonius's ghost (amateur DEEE)
  2693 | D:3      | Found a transporter.
  2750 | D:4      | Found a staircase to the Ecumenical Temple.
  2847 | D:4      | Reached * piety under Hepliaklqana
  3254 | D:4      | Noticed a wight
  3254 | D:4      | Noticed a wight
  3254 | D:4      | Noticed a wight
  3254 | D:4      | Noticed a wight
  3280 | D:4      | You fall into a shaft and drop 1 floor!
  3280 | D:5      | Entered Level 5 of the Dungeon
  3296 | D:5      | Reached ** piety under Hepliaklqana
  3297 | D:5      | Found a runed translucent door.
  3789 | D:4      | Reached skill level 1 in Shields
  3970 | D:4      | Killed a wight
  3971 | D:4      | Reached skill level 1 in Conjurations
  3971 | D:4      | Reached skill level 1 in Fire Magic
  3971 | D:4      | Reached XP level 5. HP: 31/31 MP: 1/8
  4050 | D:4      | Reached skill level 5 in Necromancy
  4050 | D:4      | Reached XP level 6. HP: 36/36 MP: 3/10
  4087 | D:3      | Slain by a wight

Illustrated notes

Levels and vault maps discovered:
D:1:      minmay_arrival_four_circles, layout_rooms,
          nicolae_ecumenical_snake_handling
D:2:      layout_basic, basic_altar
D:3:      layout_rooms, gammafunk_ghost_mausoleum
D:4:      layout_layer_cave, mainiacjoe_overflow_brackets,
          minmay_temple_entry_butterflies, serial_park_tiny_2
D:5:      layout_basic, ebering_ghost_sewer_d, serial_shops, shop, uniq_ijyb,
          uniq_sigmund

Skill      XL: |  1  2  3  4  5 |
---------------+----------------+-----
Shields        | 1 |  1.5
Conjurations   | 1 |  1.4
Fire Magic     | 1 |  1.5
Necromancy     | 5 |  5.1
Dodging        | |  2.3
Stealth        | |  2.3
Spellcasting   | |  2.7

Action                   |  1- 3 |  4- 6 || total
-------------------------+-------+-------++-------
Melee: Dagger            |    12 |     1 ||    13
 Cast: Necrotise         |    40 |     6 ||    46
       Foxfire           |     8 |    53 ||    61
  Use: Scroll            |     7 |     6 ||    13
Armor: Robe              |     8 |     7 ||    15
Dodge: Dodged            |    42 |    15 ||    57
Block: Buckler           |       |     6 ||     6

Table legend: (Time is in decaauts)
 A = Elapsed time spent in this place.
 B = Non-inter-level travel time spent in this place.
 C = Inter-level travel time spent in this place.
 D = Time resting spent in this place.
 E = Time spent auto-exploring this place.
 F = Levels seen in this place.
 G = Mean time per level.
                   A        B        C        D        E       F      G
               +--------+--------+--------+--------+--------+-----+--------+
         Total |   4085 |   4044 |     41 |   1332 |   2056 |   5 |  817.0 |
       Dungeon |   4085 |   4044 |     41 |   1332 |   2056 |   5 |  817.0 |
               +--------+--------+--------+--------+--------+-----+--------+

Top non-repeatable levels by time:
     D:4: 1280 daAuts
     D:1: 1124 daAuts
     D:2: 989 daAuts
     D:3: 640 daAuts
     D:5: 50 daAuts
